Map: Eternal Empire LE

Players

Neeblet (Neeb)

  • Race: Protoss Protoss
  • Spawn Location: 1:00

LiquidClem (Clem) - Winner!

  • Race: Terran Terran
  • League: Grandmaster
  • Spawn Location: 7:00

Event: War Chest Team League

VOD

Have the link to the VOD?

Description

Time

  • Played on: July 31, 2020, 5:31 a.m.
  • Length: 14:08
Show
View Real Time Build Order
Export as new Build Order

Neeblet Protoss 

Build Orders: 1 Gate Expand, Oracle Opening 

Get SALT Encoding   

  12  0:01  Probe  
  13  0:13  Probe  
  14  0:17  Pylon  
  14  0:25  Probe (Chrono Boost)  
  15  0:32  Assimilator  
  15  0:38  Probe (Chrono Boost)  
  16  0:43  Gateway  
  16  0:45  Probe (Chrono Boost)  
  17  0:52  Probe  
  18  1:05  Probe  
  19  1:17  Probe  
  20  1:24  Nexus  
  20  1:32  Cybernetics Core  
  20  1:37  Probe  
  21  1:42  Assimilator  
  21  1:49  Probe  
  21  1:52  Pylon  
  22  2:01  Probe  
  23  2:09  Adept (Chrono Boost)  
  23  2:10  Stargate  
  23  2:14  Probe  
  26  2:24  Shield Battery  
  26  2:28  Probe  
  27  2:32  Adept  
  27  2:36  Probe  
  30  2:38  Warp Gate  
  30  2:42  Probe  
  31  2:49  Probe  
  32  2:52  Oracle (Chrono Boost)  
  35  2:59  Probe  
  35  3:01  Probe  
  39  3:13  Pylon  
  39  3:14  Probe  
  39  3:16  Probe  
  39  3:19  Oracle (Chrono Boost)  
  39  3:26  Probe  
  43  3:29  Probe  
  42  3:39  Probe  
  42  3:41  Probe, Gateway  
  44  3:43  Gateway  
  44  3:50  Pylon  
  44  3:53  Pylon  
  44  3:55  Pylon  
  44  3:56  Probe  
  44  3:57  Probe  
  46  4:04  Phoenix (Chrono Boost)  
  46  4:11  Probe  
  46  4:12  Probe  
  48  4:23  Probe  
  49  4:24  Probe  
  49  4:27  Nexus  
  49  4:30  Sentry  
  52  4:31  Pylon  
  52  4:34  Assimilator  
  52  4:36  Probe  
  53  4:39  Assimilator  
  53  4:40  Probe  
  54  4:50  Forge  
  54  4:51  Probe  
  55  4:54  Twilight Council  
  55  4:55  Probe  
  55  4:57  Protoss Ground Weapons Level 1 (Chrono Boost)  
  56  5:00  Sentry  
  56  5:01  Sentry  
  56  5:04  Probe  
  56  5:07  Probe, Stalker  
  64  5:13  Pylon  
  64  5:16  Probe, Shield Battery  
  64  5:19  Probe  
  66  5:28  Probe  
  64  5:31  Stalker x3  
  64  5:35  Gateway, Blink (Chrono Boost)  
  70  5:38  Gateway  
  70  5:49  Shield Battery  
  70  5:54  Stalker x2  
  70  5:57  Probe x2  
  76  5:58  Probe  
  75  6:05  Stalker  
  75  6:09  Probe x2  
  79  6:12  Shield Battery, Photon Cannon  
  79  6:14  Probe  
  80  6:18  Stalker  
  80  6:19  Stalker  
  80  6:21  Probe  
  80  6:25  Probe  
  86  6:26  Probe  
  86  6:29  Pylon  
  87  6:35  Stalker x3  
  93  6:40  Probe, Photon Cannon  
  93  6:44  Stalker  
  96  6:48  Protoss Ground Armor Level 1 (Chrono Boost)  
  96  6:51  Stalker, Photon Cannon  
  98  7:01  Probe x2  
  98  7:02  Probe  
  101  7:09  Stalker x4, Robotics Facility  
  109  7:21  Pylon, Assimilator x2  
  109  7:23  Charge  
  109  7:24  Pylon x2  
  109  7:33  Pylon  
  109  7:34  Gateway  
  109  7:46  Stalker x4, Sentry  
  110  7:58  Probe  
  110  8:01  Immortal (Chrono Boost)  
  114  8:13  Probe  
  114  8:14  Probe  
  114  8:16  Probe  
  117  8:20  Robotics Bay  
  117  8:23  Gateway  
  117  8:25  Gateway  
  117  8:29  Protoss Ground Weapons Level 2 (Chrono Boost)  
  117  8:33  Robotics Facility, Observer (Chrono Boost)  
  118  8:48  Zealot x6  
  130  8:52  Nexus  
  130  8:55  Pylon  
  130  8:57  Probe  
  130  8:58  Extended Thermal Lance  
  130  9:00  Probe  
  127  9:06  Colossus (Chrono Boost)  
  133  9:12  Zealot x4  
  141  9:18  Templar Archives  
  141  9:19  Pylon  
  141  9:21  Pylon  
  141  9:23  Probe x2  
  139  9:28  Stalker x2, Sentry x2  
  139  9:29  Probe  
  148  9:35  Probe  
  149  9:41  Zealot x4  
  149  9:45  Colossus (Chrono Boost)  
  163  9:50  Probe x2  
  165  9:58  Pylon  
  165  10:00  Colossus (Chrono Boost)  
  165  10:01  Pylon  
  165  10:02  Pylon  
  171  10:08  Zealot x4  
  179  10:18  Probe  
  179  10:19  Probe x2  
  180  10:27  Zealot x4  
  160  10:36  Stalker x2  
  140  10:43  Stalker  
  140  10:44  Zealot  
  140  10:45  Probe  
  119  10:55  Stalker x4  
  105  11:04  Disruptor x2 (Chrono Boost)  
  105  11:07  Zealot x4  
  119  11:11  Protoss Ground Weapons Level 3 (Chrono Boost)  
  119  11:16  Nexus  
  119  11:24  Sentry x4  
  127  11:28  Pylon  
  127  11:34  Disruptor (Chrono Boost)  
  127  11:37  Disruptor (Chrono Boost)  
  127  11:39  Pylon  
  129  11:52  Disruptor  
  123  11:55  Disruptor  
  126  12:04  Stalker  
  126  12:05  Stalker x2, Zealot x5  
  141  12:25  Disruptor  
  144  12:30  Stalker  
  144  12:31  Stalker x6  
  90  12:59  Stalker x5  
  90  13:02  Stalker x3  
  91  13:15  Disruptor (Chrono Boost)  
  91  13:16  Disruptor (Chrono Boost)  
  97  13:25  Nexus  
  97  13:28  Pylon  
  97  13:29  Sentry x2  
  97  13:30  Stalker x2  
  105  13:39  Stalker x2  
Show
View Real Time Build Order
Export as new Build Order

LiquidClem Terran - Winner!

Build Orders:  

Get SALT Encoding   

  12  0:00  SCV  
  13  0:12  SCV  
  14  0:17  Supply Depot  
  14  0:24  SCV  
  15  0:38  SCV  
  15  0:39  Barracks  
  16  0:44  Refinery  
  16  0:51  SCV  
  17  1:03  SCV  
  18  1:15  SCV  
  19  1:27  Orbital Command, Marine  
  20  1:40  Command Center  
  20  1:45  Barracks Reactor  
  20  1:51  Supply Depot  
  20  1:54  SCV  
  21  2:04  Factory  
  21  2:07  SCV  
  22  2:20  SCV  
  22  2:21  Marine  
  22  2:22  Marine  
  25  2:32  SCV  
  25  2:33  Barracks  
  26  2:44  SCV  
  27  2:49  Barracks Tech Lab  
  27  2:52  Orbital Command  
  27  2:54  Hellion x2  
  27  2:56  SCV  
  32  3:05  Refinery  
  32  3:08  SCV, Marine  
  32  3:09  Stimpack  
  34  3:18  SCV  
  35  3:20  SCV  
  36  3:29  Marine  
  36  3:30  SCV, Marine x2  
  36  3:32  SCV  
  39  3:38  Widow Mine  
  41  3:43  SCV  
  41  3:44  SCV  
  41  3:47  Marine  
  41  3:48  Marine  
  42  3:49  Marine  
  42  3:55  SCV  
  45  3:56  SCV  
  45  3:58  Starport  
  45  4:00  Supply Depot  
  46  4:09  Marine x3  
  45  4:10  SCV  
  45  4:11  Factory Reactor  
  45  4:15  Supply Depot  
  46  4:19  Refinery  
  46  4:21  SCV  
  47  4:24  Engineering Bay  
  47  4:25  SCV  
  47  4:27  Marine x2  
  47  4:29  Marine  
  51  4:33  Supply Depot  
  51  4:34  SCV  
  51  4:37  SCV  
  53  4:45  Marine  
  54  4:46  SCV  
  54  4:47  Marine  
  54  4:49  SCV  
  54  4:52  Combat Shield  
  55  4:53  Marine  
  55  4:57  Medivac x2  
  55  4:58  SCV  
  61  5:01  SCV  
  61  5:02  Supply Depot  
  61  5:05  Marine  
  63  5:10  SCV  
  63  5:11  Terran Infantry Weapons Level 1  
  63  5:13  SCV  
  65  5:15  Missile Turret  
  65  5:17  Missile Turret  
  65  5:19  Supply Depot  
  65  5:21  Marauder  
  67  5:24  Marine x2  
  69  5:29  SCV  
  69  5:30  SCV  
  71  5:36  Barracks  
  71  5:37  Factory Reactor  
  71  5:41  SCV  
  71  5:42  SCV  
  73  5:53  Marine x2  
  73  5:55  SCV x2  
  77  5:59  Marauder  
  77  6:02  Command Center  
  77  6:09  SCV x2, Supply Depot  
  78  6:13  Concussive Shells, Refinery  
  78  6:17  Widow Mine x2  
  78  6:18  Supply Depot  
  82  6:20  Medivac  
  82  6:21  SCV  
  82  6:24  Barracks Tech Lab  
  85  6:27  Marine  
  85  6:30  Medivac, Marine  
  85  6:31  SCV, Marauder  
  92  6:35  SCV, Supply Depot  
  93  6:40  Supply Depot  
  93  6:43  SCV, Marauder  
  93  6:46  Marine  
  96  6:49  SCV  
  96  6:51  Widow Mine  
  96  6:52  Marauder  
  101  6:57  Widow Mine  
  101  6:58  Medivac  
  101  7:00  Marine  
  106  7:02  SCV  
  106  7:04  SCV  
  106  7:08  Supply Depot, Marine  
  106  7:10  Marauder  
  106  7:13  Widow Mine  
  106  7:14  SCV, Marauder  
  114  7:19  Orbital Command  
  114  7:23  Widow Mine  
  114  7:24  Marine  
  114  7:26  Medivac  
  119  7:30  Terran Infantry Armor Level 1  
  119  7:32  Marine  
  119  7:33  Marauder  
  119  7:34  SCV  
  119  7:35  SCV  
  124  7:42  Marauder  
  124  7:45  Marine  
  124  7:46  SCV  
  124  7:47  Medivac, Widow Mine x2  
  130  7:54  Marauder  
  130  7:56  Marine  
  125  8:01  Barracks  
  125  8:02  Medivac, Barracks  
  125  8:03  SCV x2, Marauder, Marine  
  128  8:07  SCV  
  128  8:10  Supply Depot  
  128  8:12  Supply Depot  
  128  8:13  Widow Mine x2  
  128  8:14  Marine  
  128  8:15  SCV x2  
  128  8:16  Marauder  
  137  8:20  SCV  
  137  8:21  Refinery  
  137  8:24  Missile Turret  
  138  8:27  SCV, Supply Depot  
  138  8:29  SCV  
  138  8:30  Supply Depot  
  138  8:31  Marine  
  141  8:40  Marine  
  141  8:44  Marauder  
  141  8:45  Marauder, Ghost Academy  
  145  8:48  Command Center  
  144  8:55  Armory  
  144  8:56  Barracks Reactor, Barracks Tech Lab  
  144  8:59  Engineering Bay  
  143  9:03  Marine x2  
  143  9:06  Marauder x2  
  143  9:07  Widow Mine x2  
  143  9:09  Supply Depot  
  153  9:14  Liberator  
  153  9:15  Liberator  
  159  9:18  Marauder  
  159  9:24  Marine x2  
  159  9:27  Marauder  
  159  9:28  Supply Depot  
  161  9:32  Marauder  
  161  9:34  Marine x2  
  163  9:39  Marauder  
  163  9:42  Supply Depot  
  163  9:44  Refinery  
  163  9:45  Widow Mine x2  
  169  9:46  Marine  
  169  9:47  Marine  
  173  9:55  SCV x2, Marine x2  
  175  10:01  Marauder  
  175  10:04  Marine  
  175  10:05  Marine  
  175  10:06  SCV  
  179  10:12  Starport, Terran Infantry Weapons Level 2  
  179  10:13  Terran Infantry Armor Level 2  
  179  10:17  Unknown, Marauder  
  179  10:18  Marine x2  
  174  10:22  Unknown, Marauder, Marine  
  174  10:28  SCV  
  173  10:30  SCV  
  173  10:32  SCV  
  171  10:37  Viking  
  171  10:39  Marauder  
  171  10:40  Marauder  
  171  10:41  Marine x2  
  161  10:43  Marauder  
  161  10:45  Marine x2  
  161  10:46  SCV  
  154  10:51  SCV  
  154  10:54  Planetary Fortress  
  154  10:56  SCV  
  150  11:00  Marauder  
  150  11:01  Marauder  
  150  11:02  Marine x2  
  150  11:03  Viking, Marine  
  157  11:06  SCV  
  157  11:07  SCV  
  157  11:10  Viking  
  161  11:14  Viking  
  161  11:16  Terran Ship Weapons Level 1  
  161  11:21  Viking  
  161  11:24  SCV x3  
  165  11:26  Unknown  
  169  11:36  Marine x2  
  169  11:37  Marine  
  169  11:38  Marine  
  175  11:46  Viking x2  
  177  11:50  Enhanced Shockwaves  
  176  11:54  SCV x2  
  176  11:55  Unknown, Marauder  
  176  11:59  Command Center  
  176  12:00  Unknown  
  178  12:03  Unknown  
  178  12:07  Marine x4  
  178  12:08  Marauder x2  
  186  12:14  Viking  
  188  12:17  Marauder  
  190  12:24  Marine  
  190  12:25  Marine x3  
  190  12:27  Barracks x2  
  187  12:30  Barracks  
  187  12:31  Marauder  
  174  12:38  Marauder  
  174  12:39  Marauder  
  174  12:43  Medivac, Marine  
  165  12:44  Marine  
  165  12:45  Marine  
  165  12:50  Marine  
  164  12:53  Liberator  
  155  12:59  Marauder  
  155  13:00  Marauder  
  155  13:02  Marine  
  155  13:03  Missile Turret  
  160  13:07  Missile Turret  
  160  13:11  Liberator  
  160  13:12  Marine x3  
  152  13:16  Barracks Tech Lab x2  
  152  13:17  Barracks Tech Lab  
  154  13:20  Unknown, Marauder  
  154  13:21  Marauder  
  154  13:22  Marauder  
  154  13:23  Marine  
  163  13:34  Marine x2  
  163  13:40  Marauder  
  169  13:41  Marauder  
  169  13:42  Marauder x2  
  169  13:46  Marauder  
Tags
 
Add a new tag
Caveats
  • Supply blocks, unpowered buildings, or Contaminate may cause inaccurate times.
  • Supply counts are checked every 10 seconds.